Map: Ruins of Endion

Players

Jcake - Winner!

  • Race: Protoss Protoss
  • League: Silver
  • Spawn Location: 5:00

Fropez

  • Race: Protoss Protoss
  • League: Silver
  • Spawn Location: 7:00

VOD

Have the link to the VOD?

Description

Time

  • Played on: June 27, 2016, 5:17 p.m.
  • Length: 4:50
Show
View Real Time Build Order
Export as new Build Order

Jcake Protoss - Winner!

Build Orders:  

Get SALT Encoding   

  12  0:11  Probe (Chrono Boost)  
  13  0:18  Pylon  
  13  0:22  Probe (Chrono Boost)  
  14  0:32  Probe (Chrono Boost)  
  15  0:43  Probe (Chrono Boost)  
  15  0:48  Gateway  
  16  0:53  Probe (Chrono Boost)  
  17  0:59  Pylon  
  17  1:05  Probe (Chrono Boost)  
  18  1:15  Probe (Chrono Boost)  
  19  1:19  Assimilator  
  19  1:24  Gateway  
  19  1:27  Probe (Chrono Boost)  
  20  1:38  Probe (Chrono Boost)  
  21  1:47  Cybernetics Core  
  21  1:50  Gateway  
  21  2:02  Gateway  
  21  2:10  Gateway  
  21  2:13  Probe (Chrono Boost)  
  22  2:20  Zealot  
  24  2:27  Pylon  
  24  2:39  Zealot  
  24  2:40  Zealot  
  27  2:52  Zealot (Chrono Boost)  
  31  3:00  Adept (Chrono Boost)  
  31  3:05  Pylon  
  31  3:10  Adept (Chrono Boost)  
  33  3:18  Stalker (Chrono Boost)  
  35  3:26  Adept (Chrono Boost)  
  39  3:27  Zealot (Chrono Boost)  
  39  3:36  Zealot (Chrono Boost)  
  41  3:43  Pylon  
  41  3:55  Adept (Chrono Boost)  
  42  3:56  Zealot (Chrono Boost)  
  42  3:57  Zealot (Chrono Boost)  
  39  4:13  Pylon  
  39  4:14  Probe  
  34  4:47  Forge  
Show
View Real Time Build Order
Export as new Build Order

Fropez Protoss 

Build Orders: Oracle Opening, Phoenix Opening 

Get SALT Encoding   

  12  0:01  Probe (Chrono Boost)  
  13  0:16  Pylon  
  13  0:19  Probe (Chrono Boost)  
  14  0:29  Probe (Chrono Boost)  
  14  0:34  Assimilator  
  15  0:40  Probe (Chrono Boost)  
  16  0:49  Gateway  
  16  0:50  Probe (Chrono Boost)  
  17  1:01  Probe (Chrono Boost)  
  17  1:11  Probe (Chrono Boost)  
  17  1:12  Pylon  
  18  1:22  Probe (Chrono Boost)  
  19  1:31  Gateway  
  19  1:37  Cybernetics Core  
  19  1:39  Probe (Chrono Boost)  
  20  1:50  Probe (Chrono Boost)  
  21  1:55  Assimilator  
  21  2:01  Probe (Chrono Boost)  
  22  2:11  Probe (Chrono Boost)  
  22  2:15  Stargate  
  23  2:22  Probe (Chrono Boost)  
  24  2:25  Protoss Air Weapons Level 1 (Chrono Boost)  
  24  2:32  Probe (Chrono Boost)  
  25  2:38  Zealot  
  25  2:39  Zealot  
  29  2:44  Pylon  
  29  2:53  Probe (Chrono Boost)  
  30  3:02  Oracle (Chrono Boost)  
  33  3:09  Pylon  
  33  3:12  Probe  
  34  3:24  Probe  
  35  3:35  Phoenix  
  37  3:45  Probe  
  38  3:51  Nexus  
  38  4:01  Probe  
  38  4:02  Phoenix  
  41  4:08  Pylon  
  41  4:09  Pylon  
  41  4:13  Probe  
Tags
 
Add a new tag
Caveats
  • Supply blocks, unpowered buildings, or Contaminate may cause inaccurate times.
  • Supply counts are checked every 10 seconds.